 Dungeon Crawl Stone Soup version 0.28.0 (webtiles) character file.

Game seed: 2195900338856271310

129828 SnakkuSnakku7 the Bludgeoner (level 17, -7/141 HPs)
             Began as a Ghoul Hedge Wizard on Feb 15, 2022.
             Was an Initiate of Yredelemnul.
             Mangled by a salamander (11 damage)
             ... on level 1 of the Snake Pit.
             The game lasted 01:04:46 (35229 turns).

SnakkuSnakku7 the Bludgeoner (Ghoul Hedge Wizard)  Turns: 35229, Time: 01:04:47

Health: -7/141     AC: 34    Str: 20    XL:     17   Next: 6%
Magic:  25/25      EV: 12    Int:  9    God:    Yredelemnul [......]
Gold:   370        SH:  0    Dex: 10    Spells: 20/21 levels left

rFire   . . .      SeeInvis .   a - +7 great mace (vorpal)
rCold   + . .      Faith    +   (shield currently unavailable)
rNeg    + + +      Spirit   .   O - +6 chain mail "Hysusin" {+Inv}
rPois   ∞          Reflect  .   q - +2 helmet
rElec   .          Harm     .   y - +2 cloak
rCorr   .          Rampage  .   p - +2 pair of gloves
Will    +....                   g - +2 pair of boots
Stlth   ..........              j - amulet of faith
HPRegen 0.00/turn               G - +4 ring of evasion
MPRegen 0.19/turn               L - +4 ring of protection

@: inhibited regen
A: claws 1, cold resistance 1, negative energy resistance 3, inhibited
regeneration, torment resistance 2
a: Renounce Religion, Evoke Invisibility, Recall Undead Harvest


You were on level 1 of the Snake Pit.
You worshipped Yredelemnul.
Yredelemnul was pleased with you.
You visited 5 branches of the dungeon, and saw 25 of its levels.
You also visited: Sewer, Gauntlet, Ice Cave and Volcano.

You collected 2678 gold pieces.
You spent 2308 gold pieces at shops.

Inventory:

Hand Weapons
 a - a +7 vorpal great mace (weapon)
 b - a +0 lajatang of speed
Missiles
 k - 52 poisoned darts (quivered)
 l - a throwing net
Armour
 g - a +2 pair of boots (worn)
 p - a +2 pair of gloves (worn)
 q - a +2 helmet (worn)
 t - a scarf of resistance
 y - a +2 cloak (worn)
 O - the +6 chain mail "Hysusin" (worn) {+Inv}
   (You bought it in a shop on level 2 of the Orcish Mines)

   +Inv:      It lets you turn invisible.
Jewellery
 f - an amulet of reflection
 j - an amulet of faith (around neck)
 v - a ring of protection from cold
 w - a +6 ring of strength
 A - a ring of fire
 G - a +4 ring of evasion (left hand)
 H - the ring of Music {rF+ rN+++ Str-2 Dex+4 Slay+2}
   (You bought it in a shop on level 2 of the Orcish Mines)

   [ring of protection from fire]

   Str:       It affects your strength (-2).
   Dex:       It affects your dexterity (+4).
   Slay:      It affects your accuracy & damage with ranged weapons and melee
   (+2).
   rF:        It protects you from fire.
   rN:        It renders you almost immune to negative energy.
 L - a +4 ring of protection (right hand)
 P - a ring of fire
 V - a +4 ring of protection
Wands
 c - a wand of acid (4)
 e - a wand of charming (14)
 s - a wand of polymorph (15)
 D - a wand of mindburst (8)
 J - a wand of iceblast (1)
 R - a wand of flame (15)
Scrolls
 o - 5 scrolls of teleportation
 u - 3 scrolls of fog
 x - 2 scrolls of blinking
 z - 3 scrolls of immolation
 B - 3 scrolls of amnesia
 C - 4 scrolls of magic mapping
 F - 7 scrolls of identify
 I - 4 scrolls of enchant armour
 M - 3 scrolls of torment
 W - 2 scrolls of fear
Potions
 h - 6 potions of heal wounds
 i - a potion of might
 m - 2 potions of cancellation
 n - 16 potions of curing
 r - 5 potions of brilliance
 E - a potion of ambrosia
 N - a potion of flight
 Q - a potion of attraction
 S - a potion of invisibility
 T - a potion of haste
 U - a potion of resistance
Miscellaneous
 d - a lightning rod (4/4)
 K - a tin of tremorstones (2/2)


   Skills:
 - Level 10.6 Fighting
 - Level 19.0 Maces & Flails
 - Level 12.8 Polearms
 - Level 4.0 Throwing
 + Level 7.9 Armour
 - Level 1.7 Dodging
 - Level 2.1 Stealth
 - Level 2.6 Spellcasting
 - Level 0.7 Conjurations
 - Level 0.8 Summonings
 - Level 0.8 Translocations
 - Level 12.0 Invocations


You had 20 spell levels left.
You knew the following spells:

 Your Spells              Type           Power      Damage    Failure   Level
a - Magic Dart            Conj           8%         1d3       88%         1

Your spell library contained the following spells:

 Spells                   Type           Power      Damage    Failure   Level
 Shock                    Conj/Air       4%         1d3       91%         1
 Slow                     Hex            4%         N/A       94%         1
 Blink                    Tloc           4%         N/A       95%         2
 Call Imp                 Summ           2%         N/A       95%         2
 Gell's Gravitas          Tloc           2%         N/A       99%         3
 Lesser Beckoning         Tloc           2%         N/A       99%         3
 Portal Projectile        Hex/Tloc       2%         N/A       99%         3
 Teleport Other           Tloc           2%         N/A       99%         3
 Confusing Touch          Hex            1%         N/A       100%        3
 Conjure Flame            Conj/Fire      1%         6-21      100%        3
 Ignite Poison            Fire/Tmut/Pois 1%         N/A       100%        3
 Inner Flame              Hex/Fire       1%         N/A       100%        3
 Mephitic Cloud           Conj/Pois/Air  1%         N/A       100%        3
 Swiftness                Air            1%         N/A       100%        3
 Vampiric Draining        Necr           1%         2d6       100%        3
 Airstrike                Air            0%         N/A       100%        4
 Manifold Assault         Tloc           2%         N/A       100%        5
 Ignition                 Fire           0%         3d3       100%        8
 Storm Form               Tmut/Air       Unusable   N/A       N/A         7

Dungeon Overview and Level Annotations

Branches:
Dungeon (15/15)            Temple (1/1) D:6            Lair (6/6) D:11
 Shoals (0/4) Lair:2        Snake (1/4) Lair:4        Slime (0/5) Lair:5
    Orc (2/2) D:12            Elf (0/3) Orc:2        Vaults (0/5) D:13
 Depths (0/4) D:15          Sewer (visited)           IceCv (visited)
Volcano (visited)         Gauntlet (visited)

Altars:
Ashenzari
Cheibriados
Dithmenos
Elyvilon
Fedhas
Gozag
Hepliaklqana
Kikubaaqudgha
Makhleb
Nemelex Xobeh
Okawaru
Qazlal
Ru
Sif Muna
Trog
Uskayaw
Vehumet
Wu Jian
Xom
Yredelemnul
Zin
The Shining One
Beogh
Jiyva

Shops:
D:7 :   Orc:2 =(([

Portals:
Trove: D:10 (give +6 demon blade)

Annotations:
Orc:2 exclusion: door


Innate Abilities, Weirdness & Mutations

You thrive by killing the living.
You are immune to poison.
You have sharp fingernails.
Your flesh is cold resistant. (rC+)
You are immune to negative energy. (rN+++)
You do not regenerate when monsters are visible.
You are immune to unholy pain and torment.


Message History

The salamander no longer looks unusually strong.
The salamander hits your salamander zombie with a +0 halberd.
Your salamander zombie is engulfed in flames!
Something hits your salamander zombie.
Your salamander zombie is engulfed in flames!
Your salamander zombie hits something!
You hit the naga warrior.
The naga warrior is lightly wounded.
Unknown command.
You bludgeon the naga warrior!!
The naga warrior is heavily wounded.
The naga warrior hits you with a +0 mace!
The naga warrior grabs you. The naga warrior constricts you.
Your salamander zombie hits the salamander mystic.
Something hits your salamander zombie!!
Your salamander zombie is engulfed in flames!
The naga hits your salamander zombie with a +0 mace!!
Your salamander zombie is destroyed!
The naga warrior's grasp on you weakens, but your attempt to escape fails.
The naga warrior hits you with a +0 mace.
The naga warrior constricts you.
You escape the naga warrior's grasp.
The salamander hits you but does no damage.
The salamander mystic gestures at you while chanting.
The bolt of magma misses you.
You see here a +4 halberd of venom.
The naga warrior roars a battlecry!
The nagas go into a battle-frenzy!
The salamander hits you but does no damage.
You see here a +0 club.
The salamander hits you from afar with a +0 halberd!
You are engulfed in flames!
* * * LOW HITPOINT WARNING * * *
The salamander hits you from afar with a +0 halberd!!
* * * LOW HITPOINT WARNING * * *
You are engulfed in flames!
* * * LOW HITPOINT WARNING * * *
The salamander hits you from afar with a +0 halberd!
You die...
Yredelemnul claims you as an undead slave.

#.......# ##)#.(..#
#N###### #.# #N#
##.# #.N# ###..#
#...@##
##.).)##########
#.#)[..)))..^.##
#.##########...####
## ###<...# ######


You could see a naga warrior, a salamander mystic (strong) and a salamander
(fast, strong).

Vanquished Creatures
  Kirke (Lair:6)
  An orc warlord (Orc:2)
  A very ugly thing (D:15)
  A deep elf annihilator (D:10)
  A fire dragon (D:15)
  Josephine (D:11)
  Fannar (Lair:3)
  2 ice dragons
  4 hydras
  3 boulder beetles
  A vault guard (D:13)
  A rakshasa (D:15)
  3 ogre magi
  2 catoblepae
  2 centaur warriors (D:13)
  9 two-headed ogres
  Erica (D:8)
  2 death knights
  2 tengu warriors
  4 death yaks
  A shock serpent (Snake:1)
  Nergalle (D:11)
  4 orc high priests (Orc:2)
  2 sun demons (Volcano)
  A skeletal warrior (D:13)
  A wizard (D:15)
  A phantasmal warrior (D:11)
  4 lindwurms (Lair:5)
  3 orc knights (Orc:2)
  2 oklob plants
  4 orc sorcerers
  14 ugly things
  3 cyclopes
  2 salamanders (Snake:1)
  2 manticores
  A moth of wrath (Gauntlet)
  Maurice (D:11)
  A torpor snail (Lair:3)
  5 black mambas
  An eye of devastation (shapeshifter) (D:13)
  A merfolk siren (Lair:2)
  2 ice statues (IceCv)
  2 naga magi (Snake:1)
  10 cane toads
  A smoke demon (Volcano)
  8 rime drakes
  A kobold demonologist (D:10)
  5 komodo dragons
  2 efreet
  2 ice devils (Lair:2)
  A komodo dragon (shapeshifter) (D:15)
  2 meliai (D:13)
  A tengu conjurer (D:13)
  5 freezing wraiths
  A burning bush (Lair:1)
  3 trolls
  A tyrant leech (Gauntlet)
  A polar bear (Lair:4)
  4 blink frogs (Lair:6)
  5 dream sheep
  8 slime creatures
  A meliai zombie (D:10)
  2 shadows
  7 wyverns
  A water elemental (D:11)
  6 wraiths
  A vampire (D:12)
  27 yaks
  12 vampire mosquitoes
  6 basilisks
  2 steam dragons
  2 swamp worms (Gauntlet)
  2 acid dragons (Gauntlet)
  6 nagas
  6 wargs
  4 water moccasins
  3 hell hounds (Volcano)
  41 orc warriors
  A sky beast (D:6)
  3 ice beasts (D:7)
  3 black bears
  17 ogres
  4 boggarts (D:15)
  26 wolves
  5 centaurs
  5 kobold brigands
  6 bullfrogs
  6 scorpions
  A gnoll sergeant (D:8)
  A wyvern zombie (D:6)
  A water moccasin zombie (D:5)
  A wyvern skeleton (D:7)
  A lindwurm simulacrum (IceCv)
  10 killer bees
  3 wights (D:9)
  7 howler monkeys
  4 electric eels (D:11)
  6 komodo dragon simulacra (IceCv)
  4 centaur zombies
  24 orc priests
  2 bullfrog skeletons
  2 hounds
  3 jellies
  4 centaur skeletons
  8 iguanas
  19 orc wizards
  7 gnolls
  4 acid dragon simulacra (IceCv)
  11 adders
  A shadow imp (D:6)
  3 white imps
  9 steam dragon simulacra (IceCv)
  An adder skeleton (D:3)
  3 dart slugs
  3 worms
  93 orcs
  9 ball pythons
  5 endoplasms
  4 giant cockroaches
  10 goblins
  7 hobgoblins
  3 jackals (D:4)
  17 kobolds
  2 quokkas (D:1)
  3 bats
  5 frilled lizards
  7 rats
676 creatures vanquished.

Vanquished Creatures (collateral kills)
  A dire elephant (Lair:6)
  A minotaur (Gauntlet)
  2 fire dragons
  3 hydras
  A death knight (D:15)
  6 two-headed ogres
  3 centaur warriors (D:13)
  6 death yaks
  2 sun demons (Volcano)
  Sonja (Lair:3)
  A swamp dragon (Lair:6)
  A glowing orange brain (D:15)
  A lindwurm (Lair:6)
  2 oklob plants
  A necromancer (D:14)
  A deep elf pyromancer (D:14)
  An ugly thing (D:15)
  A cyclops (D:11)
  2 manticores (Lair:6)
  3 elephants (Lair:6)
  5 black mambas (Lair:6)
  A torpor snail (Lair:3)
  2 centaur skeletons (D:14)
  5 cane toads
  3 rime drakes
  Maggie (D:7)
  2 freezing wraiths (D:15)
  A kobold demonologist (D:10)
  8 komodo dragons
  A burning bush (Lair:1)
  A meliai (D:13)
  11 dream sheep
  4 slime creatures
  4 blink frogs (Lair:6)
  A wyvern (D:9)
  9 yaks
  6 basilisks
  A wraith (D:11)
  2 hogs (Lair:6)
  A steam dragon (Lair:6)
  3 nagas (Snake:1)
  4 vampire mosquitoes
  3 acid dragons (Lair:6)
  6 water moccasins
  A hell hound (Volcano)
  A swamp drake (Lair:6)
  3 orc warriors
  3 ogres
  14 wolves
  A centaur (D:13)
  A kobold brigand (D:10)
  4 bullfrogs
  A water moccasin zombie (D:6)
  A lindwurm simulacrum (IceCv)
  A killer bee (D:11)
  A wight (D:9)
  An electric eel (Lair:3)
  A howler monkey (D:11)
  3 orc priests (Orc:2)
  An iguana (D:6)
  2 orc wizards
  An ogre zombie (D:15)
  14 orcs
  2 kobolds (D:10)
  A bush (Lair:6)
  A butterfly (Lair:3)
  A plant (Lair:6)
185 creatures vanquished.

Vanquished Creatures (others)
  2 ugly thing zombies (D:15)
  A shock serpent zombie (Snake:1)
  2 death yak zombies (Lair:3)
  A boulder beetle zombie (D:13)
  2 black mamba zombies
  A human (Lair:6)
  A two-headed ogre zombie (D:14)
  A spectral eye of devastation (D:13)
  4 cane toad zombies
  A spectral smoke demon (Volcano)
  3 dream sheep zombies
  6 blink frog zombies (Lair:6)
  A boggart (D:15)
  5 rime drake zombies
  5 vampire mosquito zombies
  4 komodo dragon zombies
  2 salamander zombies (Snake:1)
  A kobold brigand (Sewer)
  A wyvern zombie (Lair:3)
  3 hell hound zombies (Volcano)
  A water moccasin zombie (Lair:3)
  A warg zombie (Orc:2)
  7 naga zombies (Snake:1)
  6 yak zombies
  4 wolf zombies
  2 bullfrog zombies
  3 centaur zombies (D:13)
  A spectral boggart (D:15)
  3 basilisk zombies
  4 killer bee zombies
  5 ogre zombies
  4 acid dragon zombies
  2 howler monkey zombies (D:11)
  A spectral jelly (D:7)
  A swamp drake zombie (Lair:6)
  A spectral white imp (D:8)
  3 gnoll zombies
  A kobold (Sewer)
  4 kobold zombies (D:10)
  58 orc zombies
  100 fungi
  134 plants
393 creatures vanquished.

Grand Total: 1254 creatures vanquished

Notes
Turn   | Place    | Note
-------+----------+-------------------------------------------
     0 | D:1      | SnakkuSnakku7 the Ghoul Hedge Wizard began the quest for
                  | the Orb.
     0 | D:1      | Reached XP level 1. HP: 14/14 MP: 3/3
    62 | D:1      | Reached skill level 1 in Fighting
   397 | D:1      | Reached XP level 2. HP: 13/24 MP: 4/4
   401 | D:1      | HP: 1/24 [quokka (5)]
   718 | D:1      | Found a faded altar of an unknown god.
  1061 | D:1      | Reached XP level 3. HP: 25/30 MP: 6/6
  1398 | D:2      | Reached skill level 1 in Throwing
  1785 | D:2      | Reached XP level 4. HP: 32/38 MP: 7/7
  1868 | D:3      | Found a glowing drain.
  1905 | Sewer    | Entered a sewer
  2024 | Sewer    | Noticed a kobold brigand
  2064 | Sewer    | Killed a kobold brigand
  2065 | Sewer    | Reached XP level 5. HP: 15/46 MP: 8/8
  2279 | Sewer    | Noticed a kobold brigand
  2279 | Sewer    | Noticed a kobold brigand
  2317 | Sewer    | Killed a kobold brigand
  2358 | Sewer    | Killed a kobold brigand
  2359 | Sewer    | Reached XP level 6. HP: 4/53 MP: 9/9
  2787 | Sewer    | Reached skill level 5 in Fighting
  3122 | D:3      | You fall into a shaft and drop 2 floors!
  3122 | D:5      | Entered Level 5 of the Dungeon
  3291 | D:2      | Reached XP level 7. HP: 47/61 MP: 10/10
  3755 | D:4      | Identified the +0 pair of boots "Joakkeph" {Str+4}
  4182 | D:4      | Found a snail-covered altar of Cheibriados.
  4482 | D:5      | Found an opulent altar of Gozag.
  4555 | D:5      | Reached XP level 8. HP: 67/70 MP: 11/11
  4721 | D:5      | Reached skill level 5 in Polearms
  5345 | D:6      | Found a staircase to the Ecumenical Temple.
  5358 | Temple   | Entered the Ecumenical Temple
  5387 | Temple   | Became a worshipper of Yredelemnul the Dark
  5479 | D:6      | Reached * piety under Yredelemnul
  5656 | D:6      | Reached ** piety under Yredelemnul
  5907 | D:6      | Reached XP level 9. HP: 68/75 MP: 12/12
  6001 | D:7      | Noticed a troll
  6012 | D:7      | Killed a troll
  6235 | D:7      | Noticed Maggie
  6245 | D:7      | Killed Maggie
  6422 | D:7      | Found Lexuinif's Book Shop.
  6494 | D:7      | Reached *** piety under Yredelemnul
  6495 | D:7      | Reached skill level 10 in Polearms
  7027 | D:8      | Reached XP level 10. HP: 76/83 MP: 13/13
  7098 | D:8      | Noticed a two-headed ogre
  7111 | D:8      | Killed a two-headed ogre
  7638 | D:8      | Noticed Erica
  7657 | D:8      | Killed Erica
  8170 | D:9      | Found a sparkling altar of Nemelex Xobeh.
  8290 | D:9      | Found a hide-covered altar of Uskayaw.
  8566 | D:9      | Noticed a deep elf pyromancer
  8658 | D:9      | Reached skill level 1 in Maces & Flails
  8703 | D:9      | Found a stormy altar of Qazlal.
  8705 | D:9      | Found a shadowy altar of Dithmenos.
  8800 | D:10     | Entered Level 10 of the Dungeon
  8807 | D:10     | Noticed a deep elf annihilator
  8807 | D:10     | Noticed an orc sorcerer
  8827 | D:10     | Reached skill level 2 in Maces & Flails
  8841 | D:10     | Noticed a kobold demonologist
  8842 | D:10     | Noticed a rust devil
  8876 | D:10     | Reached skill level 3 in Maces & Flails
  8881 | D:10     | Noticed a smoke demon
  8884 | D:10     | Reached XP level 11. HP: 55/89 MP: 14/14
  8889 | D:10     | Reached skill level 4 in Maces & Flails
  8909 | D:10     | Reached skill level 5 in Maces & Flails
  9320 | D:10     | Paralysed by an orc sorcerer for 5 turns
  9333 | D:10     | Killed an orc sorcerer
  9618 | D:10     | Found a portal to a secret trove of treasure.
  9933 | D:10     | Killed a deep elf annihilator
  9934 | D:10     | Reached skill level 6 in Maces & Flails
 10026 | D:11     | Noticed a cyclops
 10057 | D:11     | Identified the +0 ring mail "Weiff" {rN+}
 10401 | D:11     | Noticed a two-headed ogre
 10410 | D:11     | Killed a two-headed ogre
 10411 | D:11     | Reached skill level 7 in Maces & Flails
 10803 | D:11     | Noticed Maurice
 10820 | D:11     | Killed Maurice
 10861 | D:11     | Reached skill level 8 in Maces & Flails
 10870 | D:11     | Noticed an oklob plant
 10873 | D:11     | Found a staircase to the Lair.
 10873 | D:11     | Noticed an oklob plant
 10905 | D:11     | Noticed Josephine
 11260 | D:11     | Killed a cyclops
 11292 | D:11     | Killed Josephine
 11293 | D:11     | Reached skill level 9 in Maces & Flails
 11422 | D:11     | Reached XP level 12. HP: 44/95 MP: 15/15
 11937 | D:11     | Reached skill level 10 in Maces & Flails
 12088 | Lair:1   | Entered Level 1 of the Lair of Beasts
 12088 | Lair:1   | Noticed Nergalle
 12489 | D:11     | Killed Nergalle
 12896 | Lair:2   | Reached skill level 11 in Maces & Flails
 13162 | Lair:2   | Reached **** piety under Yredelemnul
 13190 | Lair:2   | Reached skill level 12 in Maces & Flails
 13214 | Lair:2   | Reached ***** piety under Yredelemnul
 13262 | Lair:2   | Reached ****** piety under Yredelemnul
 13417 | Lair:2   | Found a frozen archway.
 13432 | IceCv    | Entered an ice cave
 13692 | IceCv    | Reached skill level 13 in Maces & Flails
 14556 | IceCv    | Reached XP level 13. HP: 39/102 MP: 16/16
 14809 | IceCv    | Noticed an ice dragon
 14854 | IceCv    | Killed an ice dragon
 15391 | Lair:2   | Found an ancient bone altar of Kikubaaqudgha.
 15468 | Lair:2   | Found a staircase to the Shoals.
 15491 | Lair:2   | Reached skill level 14 in Maces & Flails
 16826 | Lair:3   | Noticed Sonja
 16850 | Lair:3   | Killed Sonja
 17653 | Lair:3   | Reached skill level 15 in Maces & Flails
 18128 | Lair:3   | Noticed Fannar
 18146 | Lair:3   | Killed Fannar
 18531 | Lair:4   | Found a staircase to the Snake Pit.
 18831 | Lair:4   | Reached skill level 16 in Maces & Flails
 19930 | Lair:4   | Reached XP level 14. HP: 66/108 MP: 17/17
 20271 | Lair:5   | Found a staircase to the Slime Pits.
 20272 | Lair:5   | Found a viscous altar of Jiyva.
 20402 | Lair:5   | Reached skill level 17 in Maces & Flails
 20950 | Lair:6   | Entered Level 6 of the Lair of Beasts
 21382 | Lair:6   | Noticed a dire elephant
 21393 | Lair:6   | Killed a dire elephant
 21722 | Lair:6   | Noticed Kirke
 21738 | Lair:6   | Killed Kirke
 21744 | Lair:6   | Reached skill level 18 in Maces & Flails
 21793 | Lair:6   | Identified a scroll of acquirement
 21793 | Lair:6   | Acquired a +2 great mace of protection
 22393 | Lair:6   | Reached XP level 15. HP: 28/115 MP: 18/18
 22984 | Lair:6   | Reached skill level 19 in Maces & Flails
 24640 | D:12     | Found a staircase to the Orcish Mines.
 25003 | Orc:1    | Entered Level 1 of the Orcish Mines
 25265 | Orc:2    | Entered Level 2 of the Orcish Mines
 25530 | Orc:1    | Found a dark tunnel.
 25535 | Volcano  | Entered a volcano
 26489 | Orc:2    | Reached skill level 10 in Fighting
 27137 | Orc:2    | Found Setyixuu's Jewellery Emporium.
 27151 | Orc:2    | Bought the ring of Music {rF+ rN+++ Str-2 Dex+4 Slay+2} for
                  | 918 gold pieces
 27151 | Orc:2    | Bought a +4 ring of protection for 504 gold pieces
 27311 | Orc:2    | Found Tocuis's Weapon Shoppe.
 27388 | Orc:2    | Bought a +0 lajatang of speed for 658 gold pieces
 27954 | Orc:2    | Reached skill level 1 in Invocations
 28123 | Orc:2    | Found a staircase to the Elven Halls.
 28229 | Orc:2    | Noticed an orc warlord
 28285 | Orc:2    | Killed an orc warlord
 28347 | Orc:2    | Found Ylorghado's Antique Armour Emporium.
 28368 | Orc:2    | Bought a scorched chain mail for 228 gold pieces
 28368 | Orc:2    | Identified the +6 chain mail "Hysusin" {+Inv} (You bought
                  | it in a shop on level 2 of the Orcish Mines)
 28487 | Orc:2    | Reached skill level 5 in Invocations
 28792 | Orc:2    | Found Hioqor's Weapon Shop.
 29781 | D:13     | Reached XP level 16. HP: 131/136 MP: 19/21
 30096 | D:13     | Found a gate to the Vaults.
 30534 | D:14     | Reached skill level 10 in Invocations
 32122 | D:15     | Entered Level 15 of the Dungeon
 32122 | D:15     | Found a gate leading to a gauntlet.
 32141 | Gauntlet | Entered a Gauntlet
 32141 | Gauntlet | Found a transporter.
 32141 | Gauntlet | Found a runed translucent door.
 32141 | Gauntlet | Found a transporter.
 32143 | Gauntlet | Found a runed translucent door.
 32144 | Gauntlet | Found a transporter.
 32144 | Gauntlet | Found a transporter.
 32148 | Gauntlet | Found a transporter.
 32148 | Gauntlet | Found a transporter.
 32178 | Gauntlet | Found a transporter.
 32179 | Gauntlet | Found a transporter.
 32182 | Gauntlet | Found a runed translucent door.
 32186 | Gauntlet | Found a runed translucent door.
 32189 | Gauntlet | Found a transporter.
 32206 | Gauntlet | Found a transporter.
 32220 | Gauntlet | Found a transporter.
 32224 | Gauntlet | Found a transporter.
 32288 | Gauntlet | Got the Grimoire of the Compass and the Blaze
 32508 | Gauntlet | Identified the +0 cloak of the Catfish {rPois rN+ Dex+3
                  | Slay-4}
 32552 | D:15     | Reached skill level 1 in Armour
 33189 | D:15     | Reached skill level 5 in Armour
 33485 | D:15     | Found a bloodstained altar of Trog.
 34179 | D:15     | Found a staircase to the Depths.
 34600 | Lair:5   | Reached XP level 17. HP: 48/141 MP: 25/25
 34911 | Snake:1  | Entered Level 1 of the Snake Pit
 35227 | Snake:1  | HP: 4/141 [salamander (15)]
 35229 | Snake:1  | Mangled by a salamander

Illustrated notes

Levels and vault maps discovered:
D:1:      lemuel_arrival_cross, layout_basic,
          shapermc_ecumenical_altar_notcrosses
D:2:      layout_basic
D:3:      layout_rooms, cheibrodos_sewer_entry_drain, guppyfry_early_lair_pool
D:4:      layout_rooms, cheibriados_altar_1
D:5:      layout_basic, pdpol_temple_overflow_zin_treasury_gozag_greed,
          minmay_misc_feat_alley
D:6:      layout_loops_cross, temple_green
D:7:      layout_loops_ring, serial_shops, nicolae_diamond_shop, uniq_maggie
D:8:      layout_loops_ring, uniq_erica
D:9:      layout_stronghold, chequers_temple_overflow_statue_of_worship,
          mainiacjoe_overflow_concentric_impassable, lightli_corner_chamber
D:10:     cheibrodos_wizards_tower, layout_long_grid,
          nicolae_trove_entry_crystal
D:11:     layout_basic, dpeg_oklobed_lair, grunt_decor_clamped, uniq_maurice,
          uniq_josephine
D:12:     layout_big_octagon, orc_0_dummy
D:13:     layout_gridville, david_vaults_5
D:14:     layout_cave_pools
D:15:     gammafunk_enter_depths_forms, layout_long_grid,
          gauntlet_entry_generic, hangedman_decor_peaks_small,
          trog_butcher_becter
Temple:   nicolae_temple_great_sept
Lair:1:   layout_small_grid, evilmike_ambush [evilmike_ambush_outer_basic,
          evilmike_ambush_inner_basic], grunt_megastairs_1, uniq_nergalle
Lair:2:   layout_loops_ring, minmay_shoals_entry_lonely_mermaid,
          portal_ice_cave_demonic_guard, basic_altar
Lair:3:   layout_cave_pods, serial_bayou_shore_a, lemuel_fruit_fields,
          uniq_fannar, uniq_sonja
Lair:4:   layout_loops_ring, guppyfry_snake_entry_island
Lair:5:   layout_regular_city, slime_altar_1, minmay_lindwurm_lava,
          infiniplex_staircase_pool_2, serial_bayou_shore_b
Lair:6:   guppyfry_lair_end_dragon, layout_small_grid, hangedman_lair_in_review,
          st_stairs_13, uniq_kirke
Snake:1:  layout_layer_cave, ebering_ghost_disaster_area
Orc:1:    layout_diamond_mine, basic_altar, enter_volcano_4
Orc:2:    pubby_orc_utopia, serial_shops

Skill      XL: |  1  2  3  4  5  6  7  8  9 10 11 12 13 14 15 16 |
---------------+-------------------------------------------------+-----
Fighting       | 1 2 3 4 5 10 | 10.6
Throwing       | 1 2 3 4 |  4.0
Polearms       | 4 7 10 12 | 12.8
Maces & Flails | 3 9 13 16 18 19 | 19.0
Invocations    | 8 12 | 12.0
Armour         | 7 |  7.9
Dodging        | |  1.7
Stealth        | |  2.1
Spellcasting   | |  2.6
Conjurations   | |  0.7
Summonings     | |  0.8
Translocations | |  0.8

Action                   |  1- 3 |  4- 6 |  7- 9 | 10-12 | 13-15 | 16-18 || total
-------------------------+-------+-------+-------+-------+-------+-------++-------
Melee: Dagger            |    47 |       |       |       |       |       ||    47
       Short sword       |   123 |   219 |    15 |       |       |       ||   357
       Punch             |     4 |       |     6 |       |       |       ||    10
       Spear             |       |       |   421 |    49 |       |       ||   470
       Halberd           |       |       |       |   381 |       |       ||   381
       Great mace        |       |       |       |   257 |  1046 |   436 ||  1739
       Lajatang          |       |       |       |       |    86 |       ||    86
Throw: Dart              |       |    28 |    14 |     3 |       |       ||    45
       Throwing net      |       |     2 |       |       |       |       ||     2
 Cast: Magic Dart        |     6 |     1 |       |       |       |       ||     7
Invok: Recall Undead Har |       |       |       |     1 |     4 |     1 ||     6
       Dark Bargain      |       |       |       |     1 |     1 |       ||     2
Evoke: Wand              |       |       |       |    12 |    14 |     4 ||    30
       Lightning rod     |       |       |       |       |     1 |     2 ||     3
  Use: Scroll            |       |     6 |     9 |    11 |    11 |     5 ||    42
       Potion            |       |     1 |       |     3 |     7 |     1 ||    12
 Stab: Sleeping          |     2 |     2 |     3 |       |     2 |       ||     9
       Distracted        |       |     1 |       |     5 |    12 |     3 ||    21
       Paralysed         |       |       |       |     1 |       |       ||     1
       Invisible         |       |       |       |       |     6 |       ||     6
       Petrified         |       |       |       |       |     3 |       ||     3
       Petrifying        |       |       |       |       |       |     2 ||     2
Armor: Robe              |    50 |    49 |    33 |       |       |       ||   132
       Scale mail        |       |       |    78 |    22 |       |       ||   100
       Swamp dragon scal |       |       |       |   347 |   537 |       ||   884
       Chain mail        |       |       |       |       |   109 |   345 ||   454
Dodge: Dodged            |   123 |   137 |   143 |   331 |   552 |   216 ||  1502
Block: Other             |    17 |    66 |    62 |   142 |     2 |       ||   289
       Reflection        |     1 |     7 |     2 |     1 |       |       ||    11
